 Dungeon Crawl Stone Soup version 0.30-a0-168-g0b976cbdc4 (webtiles) character file.

Game seed: 12775351523298210294

126 NinjaNoafa the Grave Robber (level 4, -1/24 HPs)
             Began as a Deep Elf Necromancer on Sept 29, 2022.
             Slain by an orc
             ... wielding a +0 trident
              (4 damage)
             ... on level 3 of the Dungeon.
             The game lasted 00:06:19 (3069 turns).

NinjaNoafa the Grave Robber (Deep Elf Necromancer)  Turns: 3069, Time: 00:06:20

Health: -1/24      AC:  4    Str:  5    XL:     4   Next: 83%
Magic:  10/10      EV: 16    Int: 22    God:
Gold:   112        SH:  0    Dex: 15    Spells: 5/9 levels left

rFire   . . .      SeeInvis .    m - +0 sling
rCold   . . .      Faith    .    (no shield)
rNeg    . . .      Spirit   .    a - +0 robe
rPois   .          Reflect  .    (no helmet)
rElec   .          Harm     .    (no cloak)
rCorr   +          Rampage  .    (no gloves)
Will    .....                    (no boots)
Stlth   ++........               d - amulet of magic regeneration
HPRegen 0.08/turn                e - ring of resist corrosion
MPRegen 0.52/turn                j - +4 ring of evasion

@: very slightly contaminated
A: iridescent scales 1, wild magic 1, MP-powered wands, sturdy frame 1
a: no special abilities


You were on level 3 of the Dungeon.
You visited 1 branch of the dungeon, and saw 3 of its levels.

You collected 112 gold pieces.

Inventory:

Hand Weapons
 h - a +0 dagger
 m - a +0 sling (weapon)
Missiles
 b - 13 poisoned darts
 g - 8 stones
Armour
 a - a +0 robe (worn)
Magical Staves
 r - a staff of fire
Jewellery
 d - an amulet of magic regeneration (around neck)
 e - a ring of resist corrosion (left hand)
 j - a +4 ring of evasion (right hand)
 o - a ring of see invisible
Scrolls
 c - 3 scrolls of identify
 f - a scroll of immolation
 i - a scroll of magic mapping
 k - 2 scrolls of teleportation {unknown}
 l - a scroll of butterflies {unknown}
 p - a scroll of fear {unknown}
 s - a scroll of poison {unknown}
 t - a scroll of acquirement {unknown}


   Skills:
 + Level 2.7 Ranged Weapons
 - Level 2.4 Dodging
 - Level 2.4 Stealth
 - Level 3.0 Spellcasting
 - Level 7.0 Necromancy


You had 5 spell levels left.
You knew the following spells:

 Your Spells              Type           Power      Damage    Failure   Level
a - Necrotise             Necr           100%       1d9       1%          1
b - Vampiric Draining     Necr           44%        2d9       3%          3

Your spell library contained the following spells:

 Spells                   Type           Power      Damage    Failure   Level
 Animate Dead             Necr           44%        N/A       11%         4
 Agony                    Necr           44%        N/A       26%         5
 Blade Hands              Tmut           2%         N/A       99%         5
 Irradiate                Conj/Tmut      2%         3d12      99%         5
 Dragon Form              Tmut           2%         N/A       100%        7


Dungeon Overview and Level Annotations

Branches:
Dungeon (3/15)

Altars:

Annotations:
D:2 1 runed translucent door, Crazy Yiuf


Innate Abilities, Weirdness & Mutations

You are partially covered in iridescent scales. (AC +2)
Your spells are a little harder to cast, but a little more powerful.
You expend magic power (3 MP) to strengthen your wands.
Your movements are slightly less encumbered by armour. (ER -2)


Message History

f - a scroll of immolation You feel sick.
The goblin closely misses you. The orc hits you with a +0 club.
Your adder skeleton bites the orc.
The adder closely misses you.
Okay, then.
The orc attacks as you move away! The orc closely misses you.
You feel sick. The goblin hits you with a +0 dagger.
* * * LOW HITPOINT WARNING * * *
It was a potion of mutation.
You feel extremely strange.
You feel less in control of your magic.
Iridescent scales grow over part of your body.
You feel your magical essence link to the dungeon's wands.
You feel less encumbered by your armour.
You feel sick.
You are no longer poisoned.
The adder bites your adder skeleton. The adder closely misses you.
The goblin barely misses you. The orc hits you with a +0 club.
* * * LOW HITPOINT WARNING * * *
Your adder skeleton bites the adder but does no damage.
The adder closely misses your adder skeleton.
Casting: Necrotise (safe; 1% risk of failure)
Confirm with . or Enter, or press ? or * to list all spells.
Aiming: Necrotise (safe; 1% risk of failure)
Press: ? - help, Shift-Dir - straight line, f - adder
Aim: an adder (chance to affect: 88%)
You miscast Necrotise.
Nothing appears to happen.
The adder barely misses you. The goblin hits you but does no damage.
The orc hits your adder skeleton with a +0 short sword.
Your adder skeleton bites the adder but does no damage.
The adder barely misses your adder skeleton.
The adder bites you but does no damage. The goblin attacks as you move away!
The goblin misses you. The adder attacks as you move away!
The adder misses you. The adder bites your adder skeleton.
Your adder skeleton is destroyed!
The orc barely misses you.
As you read the scroll labelled QIB GUOCSU, it crumbles to dust.
You feel aware of your surroundings.
It was a scroll of magic mapping.
The adder misses you. The orc barely misses you.
The orc hits you from afar with a +0 trident.
You die...

*,,,,,,,,* #.....#
###.###### *,,,,,,,,*
#.....# #.# *,,,,,.,,*
#.....# #.#
*,,,,,...###.....#####.#
*******#.............#.#
#####.....###.#.# #.....#
*,#.# #.....# *,#.# #.@...#
*,*,*******
#######goS..###,*,,,,,,,,
#....Soo........*,,******
#.....o....)###.,,,*
***#...........# *,,,,*
*,.............# *,,*,******
*,.............#**,,,,,,,,,,
*,.......#.......,,,,,,,,,,,
*,.......#........,,,,,,,,,*


You could see 2 adders, 4 orcs and a goblin.

Vanquished Creatures
  An orc priest (D:3)
  4 adders
  A worm (D:3)
  A dart slug (D:1)
  3 orcs (D:3)
  5 ball pythons
  2 bats (D:3)
  7 endoplasms
  2 giant cockroaches
  4 goblins
  4 hobgoblins
  6 quokkas
  5 kobolds
  4 rats
49 creatures vanquished.

Vanquished Creatures (others)
  A plant (D:1)
1 creature vanquished.

Grand Total: 50 creatures vanquished

Notes
Turn   | Place    | Note
-------+----------+-------------------------------------------
     0 | D:1      | NinjaNoafa the Deep Elf Necromancer began the quest for the
                  | Orb.
     0 | D:1      | Reached XP level 1. HP: 10/10 MP: 6/6
    37 | D:1      | Reached skill level 5 in Necromancy
   255 | D:1      | Reached XP level 2. HP: 3/15 MP: 4/8
  1032 | D:2      | Found a faded altar of an unknown god.
  1034 | D:2      | Reached skill level 6 in Necromancy
  1074 | D:2      | Reached XP level 3. HP: 19/19 MP: 6/9
  2000 | D:2      | Found a runed translucent door.
  2001 | D:2      | Noticed Crazy Yiuf
  2471 | D:2      | Reached XP level 4. HP: 24/24 MP: 10/10
  2479 | D:2      | Learned a level 3 spell: Vampiric Draining
  2885 | D:3      | Reached skill level 7 in Necromancy
  2885 | D:3      | Reached skill level 1 in Ranged Weapons
  3066 | D:3      | Gained mutation: Your spells are a little harder to cast,
                  | but a little more powerful. [potion of mutation]
  3066 | D:3      | Gained mutation: You are partially covered in iridescent
                  | scales. (AC +2) [potion of mutation]
  3066 | D:3      | Gained mutation: You expend magic power (3 MP) to
                  | strengthen your wands. [potion of mutation]
  3066 | D:3      | Gained mutation: Your movements are slightly less
                  | encumbered by armour. (ER -2) [potion of mutation]
  3069 | D:3      | Slain by an orc

Illustrated notes

Levels and vault maps discovered:
D:1:      lightli_arrival_flooded_house, layout_loops_ring, serial_bayou_pond_a,
          minmay_misc_feat_roman
D:2:      layout_basic, nicolae_ecumenical_pavilion, uniq_crazy_yiuf_cottage
D:3:      layout_basic

Skill      XL: |  1  2  3  4 |
---------------+-------------+-----
Necromancy     | 5 6 7 |  7.0
Ranged Weapons | 2 |  2.7
Dodging        | |  2.4
Stealth        | |  2.4
Spellcasting   | |  3.0

Action                   |  1- 3 |  4- 6 || total
-------------------------+-------+-------++-------
Melee: Whip              |     3 |       ||     3
       Dagger            |    13 |       ||    13
 Fire: Sling             |    12 |    36 ||    48
 Cast: Necrotise         |    49 |    25 ||    74
       Vampiric Draining |       |     2 ||     2
  Use: Potion            |     2 |     3 ||     5
       Scroll            |       |     2 ||     2
Armor: Robe              |     3 |    12 ||    15
Dodge: Dodged            |    25 |    42 ||    67

Table legend: (Time is in decaauts)
 A = Elapsed time spent in this place.
 B = Non-inter-level travel time spent in this place.
 C = Inter-level travel time spent in this place.
 D = Time resting spent in this place.
 E = Time spent auto-exploring this place.
 F = Levels seen in this place.
 G = Mean time per level.
                   A        B        C        D        E       F      G
               +--------+--------+--------+--------+--------+-----+--------+
         Total |   3068 |   2856 |    212 |      0 |   2473 |   3 | 1022.7 |
       Dungeon |   3068 |   2856 |    212 |      0 |   2473 |   3 | 1022.7 |
               +--------+--------+--------+--------+--------+-----+--------+

Top non-repeatable levels by time:
     D:1: 1698 daAuts
     D:2: 966 daAuts
     D:3: 404 daAuts
